 Dungeon Crawl Stone Soup version 0.30-a0-166-g5d06c95188 (webtiles) character file.

Game seed: 12385715978581512480

951 qw the Chopper (level 8, -2/51 HPs)
             Began as a Gargoyle Fighter on Sept 28, 2022.
             Slain by an orc wizard
             ... wielding a +0 dagger
              (3 damage)
             ... on level 5 of the Dungeon.
             The game lasted 00:01:32 (4190 turns).

qw the Chopper (Gargoyle Fighter)                   Turns: 4190, Time: 00:01:33

Health: -2/51      AC: 19    Str: 22    XL:     8   Next: 13%
Magic:  8/8        EV:  6    Int:  7    God:
Gold:   200        SH:  4    Dex:  9    Spells: 7/7 levels left

rFire   . . .      SeeInvis .    Y - +0 war axe
rCold   . . .      Faith    .    c - +0 buckler
rNeg    + . .      Spirit   .    j - +0 plate armour
rPois   inf        Reflect  .    g - +0 helmet
rElec   +          Harm     .    (no cloak)
rCorr   .          Rampage  .    (no gloves)
Will    .....                    b - +0 pair of boots
Stlth   ..........               (no amulet)
HPRegen 0.17/turn                (no ring)
MPRegen 0.11/turn                (no ring)

@: no status effects
A: sickness immunity, AC +5, negative energy resistance 1, electricity
resistance, torment resistance 1, petrification resistance, dopey 1
a: no special abilities


You were on level 5 of the Dungeon.
You visited 1 branch of the dungeon, and saw 5 of its levels.

You collected 200 gold pieces.


Innate Abilities, Weirdness & Mutations

You are immune to sickness and miasma.
Your stone body is resilient. (AC +5)
You are immune to poison.
You resist negative energy. (rN+)
You are resistant to electric shocks. (rElec)
You are resistant to unholy torment.
You are immune to petrification.
You are dopey. (Int -2)


   Skills:
 - Level 6.0 Fighting
 - Level 7.0 Axes
 - Level 4.2 Armour
 + Level 0.0 Dodging
 - Level 3.2 Shields


You had 7 spell levels left.
You didn't know any spells.
Your spell library was empty.

Inventory:

Hand Weapons
 h - a +1 flail of draining
 Y - a +0 war axe (weapon)
Missiles
 m - 2 boomerangs (quivered)
Armour
 b - a +0 pair of boots (worn)
 c - a +0 buckler (worn)
 g - a +0 helmet (worn)
 j - a +0 plate armour (worn)
Scrolls
 e - a scroll of enchant armour {unknown}
 l - a scroll of identify
Potions
 a - a potion of curing {unknown}
 d - a potion of might
 f - a potion of brilliance {unknown}
 i - a potion of mutation
 k - a potion of resistance
 n - a potion of attraction {unknown}

Dungeon Overview and Level Annotations

Branches:
Dungeon (5/15)
 Temple: D:4-7

Altars:


Message History

The wyvern bites you but does no damage.
The hound barely misses you. The necrophage hits you.
The orc hits you with a +0 mace. The wyvern bites you.
You slash the wyvern!
The wyvern is almost dead.
You barely miss the hound. You slash the orc!
You completely miss the necrophage. The hound bites you.
The wyvern barely misses you. The hound bites you but does no damage.
You block the orc's attack.
The necrophage hits you but does no damage.
You hit the wyvern but do no damage.
The wyvern is almost dead.
You barely miss the hound. You hit the orc.
You kill the orc!
You slash the necrophage! The wyvern bites you! The hound bites you.
The wyvern bites you but does no damage.
The necrophage hits you. The hound bites you but does no damage.
You slash the wyvern!
You kill the wyvern!
You hit the hound. You slash the necrophage!
You destroy the necrophage!
The hound bites you.
Your Fighting skill gained 2 levels and is now at level 6!
You have reached level 8!
You feel clever.
You closely miss the hound.
The hound is lightly wounded.
You barely miss something. You closely miss the orc.
The hound bites you but does no damage. Something hits you.
The orc completely misses you. You block the hound's attack.
You slash the hound!
The hound is severely wounded.
You hit something. You hit the orc. The hound barely misses you.
Something hits you but does no damage. The orc hits you but does no damage.
The hound closely misses you.
You hit the hound.
The hound is severely wounded.
You barely miss the orc. You hit something.
The hound bites you but does no damage. Something hits you.
You die...

####### ... ###......
... #### ..>....> ....
....### #...... .....
#...#######......
.....#####......##......
............###.........
......))!...............
.......@)...######......
.....#oh{...##..........
###.......?.##..........
#.........##..........
....#......##..........
.....#......##..........
.... ...................
.... ..#####..........#.
###........#.


You could see a hound and an orc.

Vanquished Creatures
  A wyvern (D:5)
  A black bear (D:4)
  2 phantoms
  3 scorpions
  A necrophage (D:5)
  A jelly (D:5)
  2 iguanas
  2 orc wizards
  Robin (D:2)
  8 adders
  A white imp (D:5)
  A worm (D:2)
  A dart slug (D:4)
  16 orcs
  8 endoplasms
  2 giant cockroaches (D:3)
  8 hobgoblins
  2 jackals (D:1)
  7 kobolds
  5 quokkas
  8 ball pythons
  2 frilled lizards
  17 goblins
  2 rats (D:1)
102 creatures vanquished.

Notes
Turn   | Place    | Note
-------+----------+-------------------------------------------
     0 | D:1      | qw the Gargoyle Fighter began the quest for the Orb.
     0 | D:1      | Reached XP level 1. HP: 14/14 MP: 1/1
     0 | D:1      | 0 ||| qw: Version: 0.2-a-12-gaebbb33
     0 | D:1      | 0 ||| qw: Game counter: 952
     0 | D:1      | 0 ||| qw: Always use a shield: true
     0 | D:1      | 0 ||| qw: God list: Okawaru
     0 | D:1      | 0 ||| qw: Allow faded altars: false
     0 | D:1      | 0 ||| qw: Do Orc after D:15 true
     0 | D:1      | 0 ||| qw: Do second Lair branch before Depths: true
     0 | D:1      | 0 ||| qw: Lair rune preference: random
     0 | D:1      | 0 ||| qw: Plans: Normal, Zot:1-4, God:TSO, Crypt, Tomb,
                  | Pan, Slime:5, Hells, Abyss, Orb
     0 | D:1      | 0 ||| PLANNING D:1-11
    14 | D:1      | Reached skill level 2 in Axes
    73 | D:1      | Reached XP level 2. HP: 16/19 MP: 2/2
   132 | D:1      | 132 ||| Stepping ~*~*~tactically~*~*~ (stealth).
   133 | D:1      | 133 ||| Stepping ~*~*~tactically~*~*~ (stealth).
   134 | D:1      | 134 ||| Stepping ~*~*~tactically~*~*~ (stealth).
   135 | D:1      | 135 ||| Stepping ~*~*~tactically~*~*~ (stealth).
   159 | D:1      | 159 ||| Stepping ~*~*~tactically~*~*~ (stealth).
   176 | D:1      | 176 ||| Stepping ~*~*~tactically~*~*~ (stealth).
   182 | D:1      | 182 ||| Stepping ~*~*~tactically~*~*~ (stealth).
   235 | D:1      | 235 ||| Stepping ~*~*~tactically~*~*~ (stealth).
   248 | D:1      | Found Fuqearch's Magic Scroll Shoppe.
   266 | D:1      | 266 ||| Stepping ~*~*~tactically~*~*~ (stealth).
   575 | D:1      | Reached skill level 3 in Axes
   579 | D:1      | Reached XP level 3. HP: 23/23 MP: 3/3
   811 | D:1      | 811 ||| READING scroll labelled UTTINAIPNU.
   812 | D:1      | 812 ||| READING scroll labelled GUSOVE OKHEISS.
   813 | D:1      | 813 ||| READING scroll labelled BUJEULAMIM.
   814 | D:1      | 814 ||| READING scroll labelled BUTOGANEKOA.
   915 | D:1      | 915 ||| READING 2 scrolls labelled MOUS PUITRU.
   916 | D:1      | 916 ||| DRINKING 2 coppery potions.
  1073 | D:2      | 1073 ||| DROPPING +0 club.
  1084 | D:2      | 1084 ||| Stepping ~*~*~tactically~*~*~ (stealth).
  1086 | D:2      | 1086 ||| Stepping ~*~*~tactically~*~*~ (stealth).
  1087 | D:2      | 1087 ||| Stepping ~*~*~tactically~*~*~ (stealth).
  1215 | D:2      | 1215 ||| Stepping ~*~*~tactically~*~*~ (stealth).
  1221 | D:2      | Noticed Robin
  1244 | D:2      | Killed Robin
  1245 | D:2      | Reached XP level 4. HP: 12/28 MP: 4/4
  1246 | D:2      | HP: 5/28 [frozen (3)]
  1247 | D:2      | 1247 ||| DRINKING potion of heal wounds.
  1250 | D:2      | 1250 ||| FLEEEEING.
  1251 | D:2      | 1251 ||| FLEEEEING.
  1252 | D:2      | 1252 ||| FLEEEEING.
  1253 | D:2      | 1253 ||| FLEEEEING.
  1254 | D:2      | 1254 ||| FLEEEEING.
  1255 | D:2      | 1255 ||| FLEEEEING.
  1256 | D:2      | 1256 ||| FLEEEEING.
  1259 | D:2      | 1259 ||| FLEEEEING.
  1261 | D:2      | 1261 ||| FLEEEEING.
  1262 | D:2      | 1262 ||| FLEEEEING.
  1263 | D:2      | 1263 ||| FLEEEEING.
  1264 | D:2      | 1264 ||| FLEEEEING.
  1265 | D:2      | 1265 ||| FLEEEEING.
  1268 | D:2      | 1268 ||| FLEEEEING.
  1269 | D:2      | 1269 ||| FLEEEEING.
  1270 | D:2      | 1270 ||| FLEEEEING.
  1272 | D:2      | 1272 ||| STAIRDANCE
  1327 | D:1      | 1327 ||| READING 2 scrolls labelled GEANOI GOAT.
  1328 | D:1      | 1328 ||| READING 2 scrolls of identify.
  1328 | D:1      | 1328 ||| IDENTIFYING murky white potion
  1329 | D:1      | 1329 ||| DROPPING scroll of fear.
  1335 | D:2      | Reached skill level 4 in Axes
  1646 | D:2      | Noticed a scorpion
  1666 | D:2      | Killed a scorpion
  1667 | D:2      | Reached XP level 5. HP: 30/32 MP: 5/5
  1911 | D:2      | 1911 ||| UPGRADING to +0 helmet.
  1944 | D:3      | Reached skill level 5 in Axes
  1967 | D:3      | 1967 ||| DROPPING +0 mace.
  2052 | D:3      | Found a faded altar of an unknown god.
  2555 | D:3      | 2555 ||| UPGRADING to +0 chain mail.
  2565 | D:3      | 2565 ||| DROPPING +0 scale mail.
  2566 | D:3      | 2566 ||| UPGRADING to +0 plate armour.
  2576 | D:3      | 2576 ||| DROPPING +0 chain mail.
  2577 | D:3      | 2577 ||| DRINKING 2 smoky sapphire potions.
  2577 | D:3      | Gained mutation: You are dopey. (Int -2) [potion of
                  | mutation]
  2578 | D:3      | 2578 ||| READING 2 scrolls of identify.
  2578 | D:3      | 2578 ||| IDENTIFYING sapphire potion
  2579 | D:3      | 2579 ||| DROPPING potion of magic.
  2809 | D:4      | Noticed a black bear
  2821 | D:4      | Killed a black bear
  2822 | D:4      | Reached XP level 6. HP: 32/38 MP: 6/6
  2918 | D:4      | Reached skill level 6 in Axes
  2968 | D:4      | 2968 ||| Stepping ~*~*~tactically~*~*~ (hiding).
  3256 | D:4      | Reached XP level 7. HP: 36/43 MP: 7/7
  3851 | D:4      | 3851 ||| UPGRADING to +0 pair of boots.
  3876 | D:5      | Entered Level 5 of the Dungeon
  4002 | D:5      | 4002 ||| Stepping ~*~*~tactically~*~*~ (stealth).
  4003 | D:5      | 4003 ||| Stepping ~*~*~tactically~*~*~ (stealth).
  4004 | D:5      | 4004 ||| Stepping ~*~*~tactically~*~*~ (stealth).
  4005 | D:5      | 4005 ||| Stepping ~*~*~tactically~*~*~ (hiding).
  4006 | D:5      | 4006 ||| Stepping ~*~*~tactically~*~*~ (stealth).
  4076 | D:5      | 4076 ||| Stepping ~*~*~tactically~*~*~ (stealth).
  4077 | D:5      | 4077 ||| Stepping ~*~*~tactically~*~*~ (stealth).
  4091 | D:5      | Reached skill level 7 in Axes
  4173 | D:5      | Noticed a wyvern
  4186 | D:5      | HP: 9/44 [wyvern (8)]
  4186 | D:5      | HP: 4/44 [necrophage (3)]
  4187 | D:5      | Killed a wyvern
  4188 | D:5      | Reached skill level 6 in Fighting
  4188 | D:5      | Reached XP level 8. HP: 4/51 MP: 8/8
  4188 | D:5      | HP: 1/51 [something (3)]
  4190 | D:5      | Slain by an orc wizard

Levels and vault maps discovered:
D:1:      onia_arrival_pyramid, layout_rooms, serial_shops,
          nicolae_shop_hallway_plus
D:2:      layout_loops_ring, uniq_robin
D:3:      layout_loops_ring, basic_ecumenical_altar, minmay_misc_feat_enclosed
D:4:      layout_loops_corners
D:5:      layout_rooms, nicolae_ru_great_annihilating_truth, bloody_makhleb

Skill      XL: |  1  2  3  4  5  6  7 |
---------------+----------------------+-----
Axes           | 2 3 4 5 6 7 |  7.0
Fighting       | 4 6 |  6.0
Armour         | 4 |  4.2
Shields        | |  3.2

Action                   |  1- 3 |  4- 6 |  7- 9 || total
-------------------------+-------+-------+-------++-------
Melee: War axe           |   117 |   132 |    83 ||   332
Throw: Boomerang         |       |       |     2 ||     2
  Use: Scroll            |     5 |     3 |       ||     8
       Potion            |     1 |     2 |       ||     3
Armor: Scale mail        |    67 |    41 |       ||   108
       Plate armour      |       |    45 |    78 ||   123
Dodge: Dodged            |    48 |    40 |    28 ||   116
Block: Buckler           |    13 |    17 |    20 ||    50

Table legend:
 A = Non-vault XP
 B = Vault XP
 C = Vault XP percentage of total XP
 D = Non-vault monster count
 E = Vault monster count
 F = Vault count percentage of total count
                 A         B        C        D         E       F
            +---------+---------+-------+---------+---------+-------
      Total |    1321 |      38 |   2.8 |      89 |      13 |  12.7
            +---------+---------+-------+---------+---------+-------
        D:1 |      40 |       0 |   0.0 |      24 |       0 |   0.0
        D:2 |     147 |      38 |  20.5 |      17 |      13 |  43.3
        D:3 |      19 |       0 |   0.0 |       9 |       0 |   0.0
        D:4 |     534 |       0 |   0.0 |      19 |       0 |   0.0
        D:5 |     581 |       0 |   0.0 |      20 |       0 |   0.0
            +---------+---------+-------+---------+---------+-------
